 Dungeon Crawl Stone Soup version 0.17-a0-1403-g9df874c (webtiles) character file.

2947 HEYYEYAAE the Gusty (level 10, 0/72 HPs)
             Began as a Human Air Elementalist on June 20, 2015.
             Was an Initiate of Vehumet.
             Slain by a killer bee (3 damage)
             ... on level 7 of the Dungeon.
             The game lasted 00:15:30 (6511 turns).

HEYYEYAAE the Gusty (Human Air Elementalist)        Turns: 6511, Time: 00:15:30

Health: 0/72       AC:  9    Str: 13      XL:     10   Next: 7%
Magic:  7/19       EV: 13    Int: 24      God:    Vehumet [......]
Gold:   87         SH:  0    Dex: 12 (14) Spells: 4 memorised, 10 levels left

rFire  . . .     SeeInvis .     u - +2 halberd (venom)
rCold  . . .     Clarity  .     C - +2 leather armour {rPois}
rNeg   . . .     SustAt   .     (no shield)
rPois  +         Gourm    .     d - +0 helmet
rElec  .         Spirit   .     j - +0 cloak
rCorr  .         Warding  .     n - +0 pair of gloves
rMut   .         Stasis   .     (no boots)
MR     .....                    (no amulet)
Stlth  ++........               (no ring)
                                z - ring of flight

@: mighty, brilliant, lethally poisoned (0 -> -7), about to teleport, flying,
repel missiles, not resistant to hostile enchantments, unstealthy
A: subdued magic 1
a: Renounce Religion


You were on level 7 of the Dungeon.
You worshipped Vehumet.
Vehumet was noncommittal.
You were not hungry.

You visited 2 branches of the dungeon, and saw 8 of its levels.

You collected 222 gold pieces.
You spent 135 gold pieces at shops.

Inventory:

Hand weapons
 e - a +2 dagger of venom
 i - a +0 dagger
 p - a +0 short sword of speed
 u - a +2 halberd of venom (weapon)
 x - a +2 mace of protection
 y - a +4 falchion of holy wrath
 B - a +0 flail of protection
 F - a +4 quarterstaff of chaos
Armour
 d - a +0 helmet (worn)
 h - a +2 ring mail of positive energy
 j - a +0 cloak (worn)
 n - a +0 pair of gloves (worn)
 C - a +2 leather armour of poison resistance (worn)
Jewellery
 z - a ring of flight (left hand)
Magical devices
 k - a wand of paralysis (13)
 q - a wand of enslavement (9)
 w - a wand of paralysis (10)
Scrolls
 f - 3 scrolls of teleportation
 g - 5 scrolls of remove curse
 l - a scroll of fear {unknown}
 m - 2 scrolls of amnesia
 o - a scroll of random uselessness {unknown}
 r - a scroll of noise {unknown}
 s - 3 scrolls of identify {unknown}
 A - a scroll of magic mapping {unknown}
 E - 3 scrolls of recharging {unknown}
Potions
 v - a potion of flight
Books
 b - a book of Air

   Spells                             Type                      Level
   a - Shock                          Conjuration/Air              1
   b - Swiftness                      Charms/Air                   2
   c - Repel Missiles                 Charms/Air                   2
   d - Static Discharge               Conjuration/Air              3
   e - Lightning Bolt                 Conjuration/Air              5
Comestibles
 a - 4 meat rations
 c - 7 bread rations


   Skills:
 + Level 4.2 Fighting
 + Level 4.1 Armour
 + Level 5.1 Dodging
 - Level 2.0 Stealth
 * Level 6.1 Spellcasting
 * Level 6.2 Conjurations
 * Level 6.5 Air Magic


You had 10 spell levels left.
You knew the following spells:

 Your Spells              Type           Power        Failure   Level  Hunger
a - Shock                 Conj/Air       ####         1%          1    None
b - Static Discharge      Conj/Air       #####...     1%          3    #......
c - Repel Missiles        Chrm/Air       ###...       1%          2    None
d - Lightning Bolt        Conj/Air       #####.....   1%          5    #####..


Dungeon Overview and Level Annotations

Branches:
Dungeon (7/15)             Temple (1/1) D:7

Altars:
Fedhas
Gozag
Kikubaaqudgha
Qazlal
Sif Muna
Trog
Vehumet
Yredelemnul

Shops:
D:5 *

Annotations:
D:4 urechis's ghost, average VSMo
D:5 1 runed door


Innate Abilities, Weirdness & Mutations

Your spells are a little easier to cast, but a little less powerful.


Message History

You feel clever all of a sudden.
The killer bee stings you but does no damage.
The killer bee closely misses you.
Drink which item? (? for menu, Esc to quit)
It was a potion of might.
You feel very mighty all of a sudden.
You feel sick. The killer bee barely misses you. The killer bee stings you.
* * * LOW HITPOINT WARNING * * *
Unknown command.
Read which item? (? for menu, Esc to quit)
As you read the scroll of teleportation, it crumbles to dust.
You feel strangely unstable. The killer bee stings you.
* * * LOW HITPOINT WARNING * * *
You are lethally poisoned!
The killer bee poisons you! The killer bee completely misses you.
Drink which item? (? for menu, Esc to quit)
Okay, then.
* * * LOW HITPOINT WARNING * * *
You feel sick. The killer bee stings you.
You die...

..##........................#
. #)....................(...#
.. #...##....................#
..##...##....................#
..................y..........#
.......##....##.##†##+###....#
####...#####+##'##c# ...##
#.............y## ....
##'###.......@## ..
##...##........#
#....##....##..#
♣##....#####'##..#
♣.............#..#
.......##.....+...
.......##.....#....
...)....'.....#.....
♣##.....#.....#


You could see a centaur and a killer bee.

Vanquished Creatures
  Joseph (D:7)
  Grinder (D:3)
  Sigmund (D:3)
  2 phantoms
  A necrophage (D:6)
  A sky beast (D:6)
  2 ogres
  Blork the orc (D:4)
  A giant frog (D:6)
  3 killer bees (D:7)
  5 scorpions
  2 quasits (D:6)
  3 crimson imps (D:6)
  2 gnoll shamans
  A centaur skeleton (D:7)
  Crazy Yiuf (D:7)
  4 orc priests
  Ijyb (D:3)
  2 iguanas
  A jelly (D:6)
  Natasha (thrice) (D:3)
  3 orc wizards
  10 worker ants
  Robin (D:4)
  11 gnolls
  8 adders
  A shadow imp (D:6)
  An ooze (D:3)
  An adder zombie (D:7)
  4 worms
  A giant gecko (D:5)
  8 orcs
  9 giant cockroaches
  16 hobgoblins
  11 jackals
  5 quokkas
  2 ball pythons
  13 bats
  A giant gecko skeleton (D:6)
  A giant gecko zombie (D:5)
  2 giant newts
  16 goblins
  14 kobolds
  11 rats
189 creatures vanquished.

Notes
Turn   | Place    | Note
--------------------------------------------------------------
     0 | D:1      | HEYYEYAAE the Human Air Elementalist began the quest for the Orb.
     0 | D:1      | Reached XP level 1. HP: 13/13 MP: 3/3
   256 | D:1      | Reached XP level 2. HP: 5/19 MP: 0/5
   834 | D:2      | Found an ancient bone altar of Kikubaaqudgha.
   856 | D:2      | Reached XP level 3. HP: 18/25 MP: 4/6
   861 | D:2      | Learned a level 3 spell: Static Discharge
   864 | D:2      | Learned a level 2 spell: Repel Missiles
  1022 | D:2      | Reached skill level 1 in Armour
  1156 | D:2      | Found a deep blue altar of Sif Muna.
  1523 | D:3      | Noticed Ijyb
  1568 | D:3      | Killed Ijyb
  1568 | D:3      | Reached skill level 1 in Fighting
  1568 | D:3      | Reached XP level 4. HP: 16/32 MP: 0/7
  1746 | D:3      | Noticed Sigmund
  1768 | D:3      | Killed Sigmund
  1768 | D:3      | Reached skill level 4 in Air Magic
  1768 | D:3      | Reached XP level 5. HP: 20/37 MP: 0/9
  1768 | D:3      | Reached XP level 6. HP: 23/43 MP: 0/10
  1981 | D:3      | Noticed Natasha
  1993 | D:3      | Killed Natasha
  2284 | D:3      | Noticed Grinder
  2284 | D:3      | Paralysed by Grinder for 4 turns
  2305 | D:3      | Killed Grinder
  2305 | D:3      | Reached XP level 7. HP: 10/50 MP: 0/12
  2433 | D:3      | Noticed Natasha
  2437 | D:3      | Killed Natasha
  2492 | D:3      | Noticed Natasha
  2494 | D:3      | Killed Natasha
  2827 | D:4      | Noticed urechis's ghost (average VSMo)
  2854 | D:5      | Entered Level 5 of the Dungeon
  3210 | D:5      | Found a blossoming altar of Fedhas.
  3375 | D:5      | Reached XP level 8. HP: 57/57 MP: 8/14
  3376 | D:5      | Found a runed door.
  3409 | D:5      | Found a runed door.
  3661 | D:5      | Reached skill level 5 in Air Magic
  3830 | D:5      | Found Xeen's Assorted Antiques.
  3927 | D:4      | Learned a level 5 spell: Lightning Bolt
  3964 | D:4      | Noticed Robin
  3967 | D:4      | Killed Robin
  4285 | D:4      | Reached XP level 9. HP: 63/63 MP: 11/16
  4291 | D:4      | Reached skill level 5 in Spellcasting
  4331 | D:4      | Noticed Blork the orc
  4381 | D:4      | Killed Blork the orc
  4607 | D:5      | Reached skill level 5 in Conjurations
  4798 | D:5      | Bought a garnet ring for 135 gold pieces
  5093 | D:6      | Gained mutation: Your spells are a little easier to cast, but a little less powerful. [mutagenic meat]
  5146 | D:6      | Reached skill level 6 in Air Magic
  5225 | D:6      | Found a basalt altar of Yredelemnul.
  5679 | D:6      | Found a bloodstained altar of Trog.
  5679 | D:6      | Found a stormy altar of Qazlal.
  5951 | D:7      | Noticed Joseph
  6050 | D:7      | Killed Joseph
  6050 | D:7      | Reached skill level 5 in Dodging
  6283 | D:7      | Reached XP level 10. HP: 66/71 MP: 12/19
  6287 | D:7      | Found a staircase to the Ecumenical Temple.
  6297 | Temple   | Entered the Ecumenical Temple
  6315 | Temple   | Became a worshipper of Vehumet
  6382 | D:7      | Noticed Crazy Yiuf
  6391 | D:7      | Killed Crazy Yiuf
  6511 | D:7      | HP: 3/72 [poisoned by a killer bee]
  6511 | D:7      | Slain by a killer bee

Vault maps used:
D:1:      minmay_arrival_arboretum_small, minmay_misc_feat_diagonals
D:2:      lemuel_coloured_pillars_altar, kiku_gazebo_garden_becter, first_bread
D:3:      grunt_decor_mini_mirrors, uniq_natasha, uniq_grinder, uniq_sigmund,
          uniq_iyjb
D:4:      hex_large, uniq_robin, uniq_blork_the_orc
D:5:      lemuel_insect_pit, fedhas_altar_2, serial_shops, shop
D:6:      yredelemnul_altar_generic, gammafunk_temple_overflow_wave,
          supply_closet_lemuel
D:7:      gammafunk_temple_overflow_claw, minmay_temple_entry_water_ring,
          grunt_ogre_cave, amalloy_card_club, uniq_crazy_yiuf_cottage,
          uniq_joseph
Temple:   minmay_temple_curvy_8

Action                   |  1- 3 |  4- 6 |  7- 9 | 10-12 || total
-------------------------+-------+-------+-------+-------++-------
Melee: Dagger            |    26 |     7 |    20 |       ||    53
       Short sword       |    57 |    27 |    12 |       ||    96
       Halberd           |       |       |   165 |    12 ||   177
       Falchion          |       |       |    42 |       ||    42
 Cast: Shock             |    53 |    34 |   244 |    14 ||   345
       Static Discharge  |       |     4 |    22 |     5 ||    31
       Repel Missiles    |       |       |     2 |     1 ||     3
       Lightning Bolt    |       |       |     1 |     1 ||     2
  Use: Potion            |       |     6 |     1 |     3 ||    10
       Scroll            |       |       |     5 |     1 ||     6
 Stab: Sleeping          |     1 |       |     6 |       ||     7
  Eat: Chunk             |     2 |     3 |     7 |       ||    12
       Meat ration       |       |       |     1 |       ||     1
       Pizza             |       |       |     2 |       ||     2
       Fruit             |       |       |     1 |       ||     1
       Bread ration      |       |       |       |     1 ||     1
